AoeStats
← Axolot

African Clearing

506267155Analyzed
4v4 RM · 19d ago on Sep 13, 2026· 43m 7s· 8 players
Game mode
Random Map
Map size
Large (8 player)
Population
200
Speed
Normal
Resources
Standard
Victory
Conquest
Starting age
Dark Age
Ending age
Imperial Age
RankedLock teamsTeams togetherTeam positionsShared explorationLock speedFull tech treeHidden civsTurbo modeCheats
Victory
Defeat
🇦🇷 Spanish · Argentina
1520
+14
🇦🇷 Bengalis · Argentina
1514
+14
🇦🇷 Gurjaras · Argentina
1472
+16
🇦🇷 Persians · Argentina
1364
+19
🇧🇷 Berbers · Brazil
1514
-18
🇦🇷 Vietnamese · Argentina
1449
-15
🇨🇴 Sicilians · Colombia
1447
-15
🇦🇷 Mongols · Argentina
1441
-15
Perseu
13:25 Feudal Age
13:31 Loom
14:40 Double-Bit Axe
17:01 Castle Age
16:14 Stone Mining
16:39 Fletching
17:59 Bow Saw
19:47 Bodkin Arrow
20:16 Horse Collar
31:15 Wheelbarrow
35:18 Imperial Age
33:03 Padded Archer Armor
33:09 Gold Mining
34:25 Gold Shaft Mining
34:25 Stone Shaft Mining
35:14 Leather Archer Armor
37:03 Bracer
37:12 Husbandry
37:22 Bloodlines
37:35 Conscription
41:07 Chemistry
40:27 Ballistics
HIX | Joako
14:29 Feudal Age
13:29 Loom
18:37 Castle Age
16:33 Double-Bit Axe
19:47 Fletching
19:32 Crossbowman
22:27 Bodkin Arrow
25:20 Horse Collar
33:22 Wheelbarrow
35:15 Town Watch
39:06 Ballistics
40:08 Sanctity
45:42 Imperial Age
HIX | Jager_Master
12:44 Feudal Age
15:55 Loom
16:02 Town Watch
16:45 Fletching
18:55 Double-Bit Axe
20:05 Horse Collar
21:31 Wheelbarrow
26:09 Castle Age
24:50 Scale Barding Armor
25:25 Gold Mining
25:52 Bloodlines
27:12 Bow Saw
27:24 Chain Barding Armor
27:26 Heavy Plow
31:53 Hand Cart
33:27 Forging
35:12 Husbandry
37:31 Iron Casting
39:04 Gold Shaft Mining
too old for this new shit
8:08 Loom
14:01 Feudal Age
18:10 Castle Age
16:14 Double-Bit Axe
16:09 Horse Collar
16:45 Fletching
19:19 Bow Saw
20:07 Bodkin Arrow
23:34 Padded Archer Armor
pepelui_gg
7:28 Loom
13:01 Feudal Age
13:39 Double-Bit Axe
18:04 Forging
22:36 Castle Age
20:48 Gold Mining
21:01 Fletching
21:29 Padded Archer Armor
22:41 Bloodlines
23:12 Bodkin Arrow
35:32 Parthian Tactics
37:01 Husbandry
38:42 Wheelbarrow
38:08 Town Watch
42:23 Imperial Age
40:26 Hand Cart
40:27 Scale Barding Armor
40:31 Thumb Ring
41:17 Ballistics
41:13 Horse Collar
41:48 Bow Saw
42:24 Chain Barding Armor
42:20 Cavalier
44:18 Plate Barding Armor
Axolot
11:45 Feudal Age
10:01 Loom
14:19 Town Watch
18:11 Castle Age
16:39 Stone Mining
17:59 Double-Bit Axe
20:09 Fishing Lines
20:46 Bow Saw
23:50 Stone Shaft Mining
25:26 Fletching
25:51 Horse Collar
29:34 Gillnets
30:20 Heavy Plow
33:42 Wheelbarrow
36:15 Gold Mining
39:05 Imperial Age
37:41 Elite Skirmisher
38:29 Padded Archer Armor
38:24 Bodkin Arrow
38:55 Ballistics
40:50 Chemistry
39:57 Bracer
40:12 Leather Archer Armor
40:44 Supremacy
42:44 Ring Archer Armor
[VA] Tano_Pacman
10:14 Loom
12:53 Feudal Age
16:26 Castle Age
14:50 Double-Bit Axe
17:41 Bow Saw
18:21 Horse Collar
22:00 Heavy Plow
22:38 Wheelbarrow
22:16 Town Watch
22:49 Loom
24:44 Stone Mining
26:19 Fletching
27:50 Fortified Wall
27:35 Murder Holes
31:10 Coinage
31:41 Hand Cart
31:30 Gold Mining
35:33 Imperial Age
33:58 Bloodlines
33:48 Husbandry
33:55 Scale Barding Armor
34:26 Masonry
33:57 Treadmill Crane
34:31 Masonry
34:33 Forging
35:21 Chain Barding Armor
36:00 Iron Casting
36:07 Paiks
36:40 Conscription
36:11 Elite Battle Elephant
37:37 Plate Barding Armor
38:12 Mahayana
39:26 Blast Furnace
39:06 Devotion
40:32 Ballistics
40:19 Siege Engineers
40:44 Architecture
41:45 Banking
41:50 Bodkin Arrow
43:45 Gold Shaft Mining
44:12 Two-Man Saw
43:43 Crop Rotation
43:15 Bracer
44:17 Chemistry
43:38 Padded Archer Armor
J.AVI
10:07 Loom
12:09 Feudal Age
15:22 Forging
16:21 Scale Barding Armor
19:25 Castle Age
17:32 Double-Bit Axe
40:54 Redemption
41:14 Horse Collar
Connection lost

Rejoining the realm…

Still unreachable

The connection could not be restored.

Session expired

The server has moved on; the page needs a fresh start.